 Dungeon Crawl Stone Soup version 0.31-a0-188-g5e087ee2ca (webtiles) character file.

Game seed: 3984971729829538825

235 qw the Skirmisher (level 5, -2/29 HPs)
             Began as a Deep Elf Hunter on June 23, 2023.
             Slain by a hound (3 damage)
             ... on level 5 of the Dungeon.
             The game lasted 00:01:20 (3227 turns).

qw the Skirmisher (Deep Elf Hunter)                 Turns: 3227, Time: 00:01:20

Health: -2/29      AC:  9    Str: 10    XL:     5   Next: 76%
Magic:  7/7        EV:  9    Int: 14    God:
Gold:   232        SH:  5    Dex: 18    Spells: 4/4 levels left

rFire   . . .        Y - +2 shortbow (freeze)
rCold   . . .        (shield currently unavailable)
rNeg    . . .        e - +0 scale mail
rPois   .            k - +2 helmet
rElec   .            (no cloak)
rCorr   .            (no gloves)
SInv    .            (no boots)
Will    .....        l - amulet of reflection
Stlth   +            (no ring)
HPRegen 0.24/turn    (no ring)
MPRegen 0.10/turn

%: reflection
@: no status effects
A: no striking features
a: no special abilities


You were on level 5 of the Dungeon.
You visited 1 branch of the dungeon, and saw 5 of its levels.

You collected 232 gold pieces.


   Skills:
 + Level 1.6 Fighting
 - Level 9.1 Ranged Weapons
 - Level 1.0 Armour
 - Level 2.4 Dodging
 - Level 1.2 Stealth


You had 4 spell levels left.
You didn't know any spells.
Your spell library was empty.

Inventory:

Hand Weapons
 Y - a +2 shortbow of freezing (weapon)
Armour
 e - a +0 scale mail (worn)
 k - a +2 helmet (worn)
Jewellery
 l - an amulet of reflection (around neck)
Scrolls
 c - a scroll of teleportation
 g - 3 scrolls of identify
Potions
 b - a potion of mutation
 j - a potion of curing

Dungeon Overview and Level Annotations

Branches:
Dungeon (5/15)
 Temple: D:4-7

Altars:
Dithmenos
Hepliaklqana

Annotations:
D:4 2 runed translucent doors, qw's ghost, amateur GrFi


Message History

You shoot an arrow. The arrow closely misses the adder.
You shoot an arrow. The arrow misses the adder.
You shoot an arrow. The arrow hits the adder.
The arrow freezes the adder.
The adder is severely wounded.
The adder bites you.
You shoot an arrow. The arrow closely misses the adder.
The adder bites you but does no damage. The adder bites you.
You shoot an arrow. The arrow completely misses the adder.
The adder bites you but does no damage.
You shoot an arrow. The arrow hits the adder.
The arrow freezes the adder.
You kill the adder!
Your Armour skill increases to level 1!
You start resting.
HP restored.
You now have 232 gold pieces (gained 13).
An orc comes into view. It is wielding a +0 club.
The orc shouts!
You hear a shout!
You shoot an arrow.
The arrow hits the orc but does no damage.
A hound comes into view.
You shoot an arrow. The hound barks!
The arrow hits the orc.
The arrow freezes the orc.
The orc is heavily wounded.
An orc wizard comes into view. It is wielding a +0 dagger.
You shoot an arrow. The arrow barely misses the orc.
The orc wizard points at you and mumbles some strange words.
You are confused.
3225 ||| DRINKING 2 potions of curing.
You feel better.
3225 ||| (to cure confusion)
An orc priest comes into view. It is wielding a +0 short sword.
You shoot an arrow. The arrow hits the orc.
The arrow freezes the orc.
You kill the orc!
The orc priest invokes the aid of Beogh against you.
Beogh smites you! The hound bites you.
You shoot an arrow. The arrow barely misses the hound.
The hound bites you but does no damage.
The orc priest mumbles some strange prayers to Beogh against you.
Beogh smites you! The hound bites you.
You die...

#. .. .......####..
..... ...#>.
.....###.#.#####
...............##
o......#........####
....o.....%.........
......h...........#
....$.)@............
....................
..$.................
..#######.....######
. #######.....#
.........)..#
#.#####.....#
...#####.###
..#.......#


You could see a hound, an orc priest and an orc wizard.

Vanquished Creatures
  A scorpion (D:4)
  A hound (D:4)
  An iguana (D:4)
  4 adders
  A worm (D:2)
  8 orcs
  10 endoplasms
  3 giant cockroaches
  5 goblins
  2 hobgoblins
  8 jackals (D:1)
  6 quokkas
  6 ball pythons
  3 bats
  A frilled lizard (D:1)
  7 kobolds
  4 rats
71 creatures vanquished.

Notes
Turn   | Place    | Note
-------+----------+-------------------------------------------
     0 | D:1      | qw the Deep Elf Hunter began the quest for the Orb.
     0 | D:1      | Reached XP level 1. HP: 12/12 MP: 3/3
     0 | D:1      | 0 ||| qw: Version: 0.3-a-9-g12657ce
     0 | D:1      | 0 ||| qw: Game counter: 3165
     0 | D:1      | 0 ||| qw: Always use a shield: true
     0 | D:1      | 0 ||| qw: God list: Okawaru
     0 | D:1      | 0 ||| qw: Allow faded altars: false
     0 | D:1      | 0 ||| qw: Do Orc after D:15 true
     0 | D:1      | 0 ||| qw: Do second Lair branch before Depths: true
     0 | D:1      | 0 ||| qw: Lair rune preference: random
     0 | D:1      | 0 ||| qw: Plans: Normal
     0 | D:1      | 0 ||| PLANNING D:1-11
   110 | D:1      | Reached XP level 2. HP: 16/16 MP: 4/4
   112 | D:1      | Reached skill level 6 in Ranged Weapons
   300 | D:1      | Reached XP level 3. HP: 20/20 MP: 5/5
   709 | D:1      | 709 ||| READING scroll labelled DERAVA TAOCWI.
   710 | D:1      | 710 ||| READING 3 scrolls labelled OTAERA PAVUGI.
   711 | D:1      | 711 ||| READING scroll labelled GILEPO WOOTE.
   712 | D:1      | 712 ||| READING scroll labelled ZEENGY KASIH.
   713 | D:1      | 713 ||| READING scroll labelled RIRI PETWAUN.
   714 | D:1      | 714 ||| READING 2 scrolls of identify.
   714 | D:1      | 714 ||| IDENTIFYING smoky amethyst potion
   715 | D:1      | 715 ||| DROPPING scroll of butterflies.
   716 | D:1      | 716 ||| DROPPING potion of berserk rage.
   943 | D:2      | Reached skill level 7 in Ranged Weapons
  1129 | D:2      | Found a faded altar of an unknown god.
  1421 | D:2      | 1421 ||| UPGRADING to +0 scale mail.
  1431 | D:2      | 1431 ||| DROPPING +0 leather armour.
  1432 | D:2      | 1432 ||| READING scroll labelled GYWION XUCOE.
  1433 | D:2      | 1433 ||| READING scroll labelled MIAJIA FELUAFA.
  1437 | D:2      | 1437 ||| DRINKING 3 sedimented inky potions.
  1438 | D:2      | 1438 ||| READING 2 scrolls of identify.
  1438 | D:2      | 1438 ||| IDENTIFYING smoky black potion
  1673 | D:3      | Identified the staff of the End {Str+2 Earth}
  1782 | D:3      | Reached XP level 4. HP: 24/25 MP: 6/6
  1941 | D:3      | Found a faded altar of an unknown god.
  2103 | D:3      | 2103 ||| UPGRADING to +1 helmet.
  2108 | D:3      | 2108 ||| READING scroll of enchant armour.
  2108 | D:3      | 2108 ||| ENCHANTING +1 helmet.
  2109 | D:3      | 2109 ||| UPGRADING to amulet of reflection.
  2114 | D:3      | 2114 ||| READING scroll labelled PATHIY ZEKI.
  2115 | D:3      | 2115 ||| READING 2 scrolls labelled SUMMEV BUEMN.
  2116 | D:3      | 2116 ||| DROPPING scroll of noise.
  2150 | D:4      | 2150 ||| STAIRDANCE
  2154 | D:4      | 2154 ||| STAIRDANCE
  2158 | D:4      | 2158 ||| STAIRDANCE
  2162 | D:4      | 2162 ||| STAIRDANCE
  2166 | D:4      | 2166 ||| STAIRDANCE
  2170 | D:4      | 2170 ||| STAIRDANCE
  2174 | D:4      | 2174 ||| STAIRDANCE
  2178 | D:4      | 2178 ||| STAIRDANCE
  2182 | D:4      | 2182 ||| STAIRDANCE
  2186 | D:4      | 2186 ||| STAIRDANCE
  2190 | D:4      | 2190 ||| STAIRDANCE
  2194 | D:4      | 2194 ||| STAIRDANCE
  2198 | D:4      | 2198 ||| STAIRDANCE
  2202 | D:4      | 2202 ||| STAIRDANCE
  2206 | D:4      | 2206 ||| STAIRDANCE
  2210 | D:4      | 2210 ||| STAIRDANCE
  2214 | D:4      | 2214 ||| STAIRDANCE
  2218 | D:4      | 2218 ||| STAIRDANCE
  2222 | D:4      | 2222 ||| STAIRDANCE
  2226 | D:4      | 2226 ||| STAIRDANCE
  2335 | D:3      | 2335 ||| STAIRDANCE
  2378 | D:4      | Found a runed translucent door.
  2385 | D:4      | Reached skill level 8 in Ranged Weapons
  2385 | D:4      | Noticed qw's ghost (amateur GrFi)
  2387 | D:4      | Noticed a bullfrog
  2464 | D:4      | Reached XP level 5. HP: 29/29 MP: 7/7
  2551 | D:4      | Found a runed translucent door.
  2568 | D:4      | 2568 ||| READING 2 scrolls of identify.
  2568 | D:4      | 2568 ||| IDENTIFYING sedimented blue potion
  2569 | D:4      | 2569 ||| DROPPING potion of lignification.
  2576 | D:3      | Found a shadowy altar of Dithmenos.
  2577 | D:3      | 2577 ||| Stepping randomly (stuck).
  2730 | D:4      | Found a hazy altar of Hepliaklqana.
  2737 | D:4      | Reached skill level 9 in Ranged Weapons
  2750 | D:4      | 2750 ||| READING scroll of enchant weapon.
  2750 | D:4      | 2750 ||| ENCHANTING +1 shortbow of freezing.
  3115 | D:4      | 3115 ||| READING scroll labelled ULASMU ODUSTO.
  3116 | D:4      | 3116 ||| READING scroll labelled CENIG GIOS.
  3117 | D:4      | 3117 ||| READING 3 scrolls of identify.
  3117 | D:4      | 3117 ||| IDENTIFYING bubbling pink potion
  3118 | D:4      | 3118 ||| DROPPING potion of degeneration.
  3159 | D:5      | Entered Level 5 of the Dungeon
  3201 | D:5      | Reached skill level 1 in Armour
  3225 | D:5      | 3225 ||| DRINKING 2 potions of curing.
  3225 | D:5      | 3225 ||| (to cure confusion)
  3227 | D:5      | HP: 1/29 [orc priest/divine providence (12)]
  3227 | D:5      | Slain by a hound

Levels and vault maps discovered:
D:1:      saegor_arrival_simple_e, layout_loops_ring, minivault_25,
          hangedman_decor_peaks_small
D:2:      layout_basic, serial_rivers, chequers_serial_rivers_small_a,
          chequers_serial_rivers_room_b, chequers_serial_rivers_room_b,
          chequers_serial_rivers_small_3, ebering_ecumenical_altar_petrified,
          kennysheep_flooded_box, chequers_serial_rivers_micro_c,
          uniq_crazy_yiuf_cottage
D:3:      layout_loops_ring, nicolae_overflow_ecumenical_swirl
D:4:      layout_loops_ring, mainiacjoe_overflow_boulevard,
          ebering_ghost_sewer_f
D:5:      layout_rooms, serial_shops, nicolae_shop_gaudy_bauble

Skill      XL: |  1  2  3  4  5 |
---------------+----------------+-----
Ranged Weapons | 6 7 8 9 |  9.1
Armour         | 1 |  1.0
Fighting       | |  1.6
Dodging        | |  2.4
Stealth        | |  1.2

Action                     |  1- 3 |  4- 6 || total
---------------------------+-------+-------++-------
   Fire: Shortbow          |   113 |    57 ||   170
    Use: Scroll            |     9 |     8 ||    17
         Potion            |     1 |     1 ||     2
 Armour: Leather armour    |     6 |       ||     6
         Scale mail        |     4 |     9 ||    13
  Dodge: Dodged            |    17 |     9 ||    26
  Block: Other             |       |     5 ||     5

Table legend:
 A = Non-vault XP
 B = Vault XP
 C = Vault XP percentage of total XP
 D = Non-vault monster count
 E = Vault monster count
 F = Vault count percentage of total count
                 A         B        C        D         E       F
            +---------+---------+-------+---------+---------+-------
      Total |     337 |       0 |   0.0 |      71 |       0 |   0.0
            +---------+---------+-------+---------+---------+-------
        D:1 |      54 |       0 |   0.0 |      31 |       0 |   0.0
        D:2 |      32 |       0 |   0.0 |      10 |       0 |   0.0
        D:3 |      19 |       0 |   0.0 |      10 |       0 |   0.0
        D:4 |     198 |       0 |   0.0 |      12 |       0 |   0.0
        D:5 |      34 |       0 |   0.0 |       8 |       0 |   0.0
            +---------+---------+-------+---------+---------+-------
